 Dungeon Sprint DCSS version 0.30-a0-719-gcc4359ea44 (webtiles) character file.

Game seed: 16322036391607432573

6 rocky1 the Grave Robber (level 3, 24/24 HPs)
             Began as a Demonspawn Necromancer on Jan 27, 2023.
             Was an Initiate of Gozag.
             Quit the game in the Dungeon (Sprint VI: "Thunderdome").
             The game lasted 00:01:37 (165 turns).

rocky1 the Grave Robber (Demonspawn Necromancer)     Turns: 165, Time: 00:01:38

Health: 24/24      AC:  2    Str:  8    XL:     3   Next: 48%
Magic:  2/7        EV: 12    Int: 18    God:    Gozag
Gold:   453        SH:  0    Dex: 13    Spells: 7/8 levels left

rFire   . . .      SeeInvis .    l - +0 club
rCold   . . .      Faith    .    (no shield)
rNeg    . . .      Spirit   .    a - +0 robe
rPois   .          Reflect  .    (no helmet)
rElec   .          Harm     .    (no cloak)
rCorr   .          Rampage  .    (no gloves)
Will    .....      NoTele   +    (no boots)
Stlth   ++                       (no amulet)
HPRegen 0.24/turn                (no ring)
MPRegen 0.10/turn                (no ring)

@: gold aura
A: foul stench 1, demonic touch 1
a: Renounce Religion, Potion Petition, Call Merchant, Bribe Branch


You were in the Dungeon.
You worshipped Gozag.
Gozag was aware of your devotion.
You visited 1 branch You collected 453 gold pieces.

Inventory:

Hand Weapons
 l - a +0 club (weapon)
Armour
 a - a +0 robe (worn)
Wands
 i - a wand of acid (5)
 j - a wand of roots (5)
Scrolls
 g - 4 scrolls of blinking
 k - 3 scrolls of fog
Potions
 b - 2 potions of magic
 c - a potion of curing
 d - 3 potions of heal wounds
 e - 4 potions of haste
 f - a potion of berserk rage
 h - a potion of resistance


   Skills:
 + Level 0.1 Fighting
 + Level 2.4 Dodging
 + Level 2.2 Stealth
 + Level 3.3 Spellcasting
 + Level 7.7 Necromancy


You had 7 spell levels left.
You knew the following spells:

 Your Spells              Type           Power      Damage    Failure   Level
a - Necrotise             Necr           100%       1d9       1%          1

Your spell library contained the following spells:

 Spells                   Type           Power      Damage    Failure   Level
 Vampiric Draining        Necr           30%        2d8       1%          3
 Agony                    Necr           30%        N/A       19%         5
 Animate Dead             Necr           Unusable   N/A       N/A         4

Dungeon Overview and Level Annotations

Branches:
Dungeon (1/1)

Altars:
Cheibriados
Dithmenos
Fedhas
Gozag
Kikubaaqudgha
Makhleb
Okawaru
Qazlal
Ru
Sif Muna
Trog
Uskayaw
Vehumet
Wu Jian
Xom
Yredelemnul
Lugonu

Shops:
D *[??*?*:[((!!!!


Innate Abilities, Weirdness & Mutations

You may rarely emit foul miasma when damaged in melee.
Your touch may inflict minor irresistible damage on your foes.


Message History

The adder hisses angrily. 4...
Aiming: Necrotise (safe; 1% risk of failure)
Press: ? - help, Q - select action, (/) - cycle Shift-Dir - straight line, f/p - adder
Aim: an adder (moderately wounded, chance to affect: 88%)
The adder writhes in agony!
You kill the adder! 3...
Aiming: Necrotise (safe; 1% risk of failure)
Press: ? - help, Q - select action, (/) - cycle Shift-Dir - straight line, f - adder
Aim: an adder (chance to affect: 88%)
The adder writhes in agony. 2...
You don't have enough magic to cast this spell.
You don't have enough magic to cast this spell.
Unknown command. 1...
Time's up!
The arena falls silent.
You now have 6 arena points (gained 6).
You now have 336 gold pieces (gained 10).
You now have 399 gold pieces (gained 63).
Get ready!
ROUND 2!
FIGHT!
A goblin comes into view. It is wielding a +0 club.
Aiming: Necrotise (safe; 1% risk of failure)
Press: ? - help, Q - select action, (/) - cycle Shift-Dir - straight line, f - goblin
Aim: a goblin, wielding a +0 club (translocational energy, wandering, hasn't noticed you, chance to affect: 93%)
The goblin shouts!
The goblin writhes in agony!
You kill the goblin!
You now have enough gold to petition Gozag for potion effects.
You now have 453 gold pieces (gained 54).
There is a spawn point here.
You see here a +0 club.
There is a spawn point here.
You see here a +0 club.
l - a +0 club
l - a +0 club (weapon)
Are you sure you want to abandon this character and quit the game? (Confirm with "yes".)

#...... #_.....
###......
#⌠.......
######.8......
##._._......###
###∩........8.# #
##.............###
#@..........###...
#⌠..........# #.<.
#⌠..........###...
##.............###
###∩........8.# #
##∩___......###
######.8......
#⌠.......
###......


There were no monsters in sight!

Vanquished Creatures
  5 adders (D)
  A goblin (D)
6 creatures vanquished.

Notes
Turn   | Place    | Note
-------+----------+-------------------------------------------
     0 | D        | rocky1 the Demonspawn Necromancer began the quest for the
                  | Orb.
     0 | D        | Reached XP level 1. HP: 13/13 MP: 3/3
     3 | D        | Found a corrupted altar of Lugonu.
     3 | D        | Found a shadowy altar of Dithmenos.
     5 | D        | Found an iron altar of Okawaru.
     5 | D        | Found a sacrificial altar of Ru.
     5 | D        | Round 1.
     6 | D        | Found a basalt altar of Yredelemnul.
     6 | D        | Found Cyusuimn's Magic Scroll Shop.
     6 | D        | Found Pilugec's Staff Store.
     7 | D        | Found Usoef's Magic Scroll Shop.
     7 | D        | Found Kueriubb's Must-Have Magic.
    10 | D        | Found a shimmering altar of Xom.
    11 | D        | Found an ornate altar of the Wu Jian Council.
    12 | D        | Found a stormy altar of Qazlal.
    13 | D        | Found Guwkud's Distillery.
    18 | D        | Reached skill level 5 in Necromancy
    18 | D        | Gained mutation: You may rarely emit foul miasma when
                  | damaged in melee. [demonic ancestry]
    18 | D        | Reached XP level 2. HP: 19/19 MP: 0/5
    18 | D        | Found Yfruschi's Distillery.
    18 | D        | Found Muolen's Bottled Wisdom.
    21 | D        | Found a hide-covered altar of Uskayaw.
    21 | D        | Found a bloodstained altar of Trog.
    21 | D        | Found a blossoming altar of Fedhas.
    21 | D        | Found Siqis's Do-It-Yourself Clinic.
    25 | D        | Found a snail-covered altar of Cheibriados.
    27 | D        | Found a shimmering blue altar of Sif Muna.
    28 | D        | Found Huosta's Weapon Rack.
    29 | D        | Found Bachu's Basic Armour.
    29 | D        | Found Zece Usm's Miscellaneous Merchandise.
    30 | D        | Found a burning altar of Makhleb.
    30 | D        | Found an opulent altar of Gozag.
    30 | D        | Found Winoiviy's Premium Goods.
    39 | D        | Became a worshipper of Gozag Ym Sagoz the Greedy
    42 | D        | Reached skill level 6 in Necromancy
    90 | D        | Found an ancient bone altar of Kikubaaqudgha.
    90 | D        | Found Deilah's Identification Station.
    92 | D        | Found a radiant altar of Vehumet.
   106 | D        | Reached skill level 7 in Necromancy
   115 | D        | Gained mutation: Your touch may inflict minor irresistible
                  | damage on your foes. [demonic ancestry]
   115 | D        | Reached XP level 3. HP: 23/24 MP: 1/7
   126 | D        | Found Jikhum's Advanced Armour.
   126 | D        | Found Etyugali's Jewellery.
   137 | D        | Arena points: 6 (+6) [x1]
   152 | D        | Round 2.
   165 | D        | Quit the game

Illustrated notes

Levels and vault maps discovered:
D:        arena_sprint

Skill      XL: |  1  2 |
---------------+-------+-----
Dodging        | 2 |  2.4
Stealth        | 2 |  2.2
Necromancy     | 5 7 |  7.7
Spellcasting   | 3 |  3.3
Fighting       | |  0.1

Action                     || total
---------------------------++-------
  Melee: Unarmed           ||     4
   Cast: Necrotise         ||    19
    Use: Potion            ||     2
  Dodge: Dodged            ||     6

Table legend: (Time is in decaauts)
 A = Elapsed time spent in this place.
 B = Non-inter-level travel time spent in this place.
 C = Inter-level travel time spent in this place.
 D = Time resting spent in this place.
 E = Time spent auto-exploring this place.
 F = Levels seen in this place.
 G = Mean time per level.
                   A        B        C        D        E       F      G
               +--------+--------+--------+--------+--------+-----+--------+
         Total |    164 |    164 |      0 |     43 |      0 |   1 |  164.0 |
       Dungeon |    164 |    164 |      0 |     43 |      0 |   1 |  164.0 |
               +--------+--------+--------+--------+--------+-----+--------+

Top non-repeatable levels by time:
       D: 164 daAuts
